 Dungeon Crawl Stone Soup version 0.28-a0-1356-g2ad6d04315 (webtiles) character file.

Game seed: 13299203557585731567

233 gimp the Skirmisher (level 5, 0/52 HPs)
             Began as a Demigod Wanderer on Dec 31, 2021.
             Succumbed to a scorpion's poison
             ... on level 4 of the Dungeon.
             The game lasted 00:04:55 (4482 turns).

gimp the Skirmisher (Demigod Wanderer)              Turns: 4482, Time: 00:04:56

Health: 0/52       AC:  3    Str: 10    XL:     5   Next: 46%
Magic:  9/9        EV: 13    Int: 12    God:
Gold:   108        SH:  0    Dex: 22    Spells: 5/6 levels left

rFire   . . .      SeeInvis .   a - +0 spear
rCold   . . .      Faith    .   (no shield)
rNeg    . . .      Spirit   .   c - +0 robe
rPois   .          Reflect  .   (no helmet)
rElec   .          Harm     .   (no cloak)
rCorr   .          Rampage  .   b - +0 pair of gloves
Will    +....                   (no boots)
Stlth   ++........              (no amulet)
HPRegen 0.17/turn               (no ring)
MPRegen 0.11/turn               (no ring)

@: lethally poisoned (0 -> -12)
A: high mp 1, forlorn, divine attributes, talons 1, strong-willed 1, robust 1
a: no special abilities


You were on level 4 of the Dungeon.
You visited 1 branch of the dungeon, and saw 4 of its levels.

You collected 108 gold pieces.

Inventory:

Hand Weapons
 a - a +0 spear (weapon)
Missiles
 j - 14 poisoned darts
Armour
 b - a +0 pair of gloves (worn)
 c - a +0 robe (worn)
Scrolls
 d - a scroll of immolation {unknown}
 e - 2 scrolls of blinking {unknown}
 f - 2 scrolls of amnesia {unknown}
 g - a scroll of acquirement {unknown}
 i - 2 scrolls of identify {unknown}
 l - a scroll of teleportation {unknown}


   Skills:
 - Level 5.0 Fighting
 - Level 1.0 Polearms
 + Level 2.0 Dodging
 - Level 1.0 Stealth
 - Level 1.0 Spellcasting
 - Level 4.5 Hexes


You had 5 spell levels left.
You knew the following spells:

 Your Spells              Type           Power      Damage    Failure   Level
a - Slow                  Hex            44%        N/A       4%          1

Your spell library contained the following spells:

 Spells                   Type           Power      Damage    Failure   Level
 Ensorcelled Hibernation  Hex/Ice        12%        N/A       19%         2
 Dazzling Flash           Conj/Hex       12%        N/A       34%         3
 Portal Projectile        Hex/Tloc       12%        N/A       34%         3
 Corpse Rot               Necr/Air       0%         N/A       41%         2
 Poisonous Vapours        Pois/Air       0%         N/A       41%         2
 Spider Form              Tmut/Pois      0%         N/A       65%         3


Dungeon Overview and Level Annotations

Branches:
Dungeon (4/15)
 Temple: D:4-7


Innate Abilities, Weirdness & Mutations

You have an increased reservoir of magic. (+10% MP)
You shall have no god before yourself.
Your divine heritage dramatically boosts your attributes as you level up.
You have sharp toenails.
You are strong-willed. (Will+)
You are robust. (+10% HP)


Message History

The scorpion is moderately wounded.
You feel sick. The scorpion stings you.
You take 4 damage, and have 34/52 hp.
Reach: a) +0 spear
Press: ? - help, Dir - move target, f/p - scorpion
Aim: a scorpion (moderately wounded, about 33% to evade your +0 spear)
You hit the scorpion. Your kick misses the scorpion.
The scorpion is moderately wounded.
You feel sick.
You are no longer poisoned.
The scorpion stings you.
You are poisoned.
The scorpion poisons you! The scorpion misses you.
You take 6 damage, and have 28/52 hp.
You hit the scorpion. You claw the scorpion.
The scorpion is heavily wounded.
You feel very sick.
The scorpion stings you but does no damage.
You take 3 damage, and have 25/52 hp.
You hit the scorpion.
The scorpion is severely wounded.
You feel very sick. The scorpion completely misses you.
You take 3 damage, and have 22/52 hp.
You completely miss the scorpion.
The scorpion is severely wounded.
You feel sick. The scorpion barely misses you.
You take 2 damage, and have 20/52 hp.
You barely miss the scorpion. Your kick misses the scorpion.
The scorpion is severely wounded.
You feel sick. The scorpion stings you!
* * * LOW HITPOINT WARNING * * *
The scorpion stings you!
* * * LOW HITPOINT WARNING * * *
You are more poisoned.
The scorpion poisons you!
You take 17 damage, and have 3/52 hp.
MASSIVE DAMAGE!!
You hit the scorpion but do no damage. You claw the scorpion.
The scorpion is severely wounded.
You die...

#............#
#..<.......###
##........##
##.......#
####....##
##....###
#......#
##.....##
#.@....###
#.s.......
#.........
#.........
#.......##
#.......#
#.......#
#.......#
.........


You could see a scorpion.

Vanquished Creatures
  A scorpion (D:4)
  Jessica (D:1)
  8 adders
  A worm (D:3)
  2 dart slugs
  An orc (D:3)
  A bat (D:3)
  4 endoplasms
  A giant cockroach (D:1)
  5 goblins
  8 hobgoblins
  4 jackals (D:1)
  7 kobolds
  6 quokkas
  7 ball pythons
  5 frilled lizards
  5 rats
  A spectral orc (D:3)
68 creatures vanquished.

Vanquished Creatures (others)
  A plant (D:3)
1 creature vanquished.

Grand Total: 69 creatures vanquished

Notes
Turn   | Place    | Note
-------+----------+-------------------------------------------
     0 | D:1      | gimp the Demigod Wanderer began the quest for the Orb.
     0 | D:1      | gimp set off with the following items: a +0 spear, a +0
                  | pair of gloves, a +0 robe; and the following spell
                  | memorised: Slow; and the following spells available to
                  | memorise: Dazzling Flash, Portal Projectile
     0 | D:1      | Reached XP level 1. HP: 16/16 MP: 4/4
   270 | D:1      | Reached skill level 2 in Fighting
   278 | D:1      | Reached XP level 2. HP: 19/24 MP: 5/5
  1278 | D:1      | Reached XP level 3. HP: 12/30 MP: 6/6
  1572 | D:2      | Noticed Jessica
  1587 | D:1      | Killed Jessica
  1588 | D:1      | Reached skill level 3 in Fighting
  2046 | D:2      | Reached XP level 4. HP: 25/40 MP: 8/8
  2272 | D:2      | Reached skill level 4 in Fighting
  4020 | D:3      | Reached XP level 5. HP: 43/47 MP: 9/9
  4274 | D:4      | Reached skill level 5 in Fighting
  4474 | D:4      | Gained mutation: You have sharp toenails. [potion of
                  | mutation]
  4474 | D:4      | Gained mutation: You are robust. (+10% HP) [potion of
                  | mutation]
  4474 | D:4      | Gained mutation: You are strong-willed. (Will+) [potion of
                  | mutation]
  4482 | D:4      | Succumbed to a scorpion's poison

Illustrated notes

Levels and vault maps discovered:
D:1:      psy_arrival_statuary, layout_basic, nrook_campfire
D:2:      layout_rooms, dreamdust_ecumenical_altar_angels_and_demons,
          basic_altar, uniq_jessica
D:3:      layout_basic, chequers_temple_overflow_statue_of_worship,
          nicolae_hepliaklqana_monster_ancestors, serial_bayou_ford_a,
          grunt_decor_arrowhead, chequers_serial_rivers_micro_e
D:4:      cheibrodos_greedy_goblins, layout_rooms, nicolae_uskayaw_dance_hall,
          minmay_fractal_squares_5

Skill      XL: |  1  2  3  4  5 |
---------------+----------------+-----
Fighting       | 2 3 4 5 |  5.0
Dodging        | 2 |  2.0
Polearms       | |  1.0
Stealth        | |  1.0
Spellcasting   | |  1.0
Hexes          | |  4.5

Action                   |  1- 3 |  4- 6 || total
-------------------------+-------+-------++-------
Melee: Spear             |   180 |   177 ||   357
       Kick              |       |     3 ||     3
  Use: Potion            |       |     2 ||     2
 Stab: Sleeping          |     5 |     9 ||    14
Armor: Robe              |    36 |    22 ||    58
Dodge: Dodged            |   104 |    97 ||   201

Table legend: (Time is in decaauts)
 A = Elapsed time spent in this place.
 B = Non-inter-level travel time spent in this place.
 C = Inter-level travel time spent in this place.
 D = Time resting spent in this place.
 E = Time spent auto-exploring this place.
 F = Levels seen in this place.
 G = Mean time per level.
                   A        B        C        D        E       F      G
               +--------+--------+--------+--------+--------+-----+--------+
         Total |   4510 |   4426 |     84 |    300 |   3360 |   4 | 1127.5 |
       Dungeon |   4510 |   4426 |     84 |    300 |   3360 |   4 | 1127.5 |
               +--------+--------+--------+--------+--------+-----+--------+

Top non-repeatable levels by time:
     D:1: 2096 daAuts
     D:3: 1254 daAuts
     D:2: 1103 daAuts
     D:4: 55 daAuts
